 Dungeon Crawl Stone Soup version 0.29-a0-392-g297d3b089c (webtiles) character file.

Game seed: 4490302133378907242

4 spaghetti the Charlatan (level 1, 17/17 HPs)
             Began as a Gnoll Artificer on May 8, 2022.
             Quit the game on level 1 of the Dungeon.
             The game lasted 00:00:22 (353 turns).

spaghetti the Charlatan (Gnoll Artificer)            Turns: 353, Time: 00:00:23

Health: 17/17      AC:  3    Str: 11    XL:     1   Next: 60%
Magic:  1/1        EV: 12    Int: 10    God:
Gold:   13         SH:  0    Dex: 12    Spells: 0/0 levels left

rFire   . . .      SeeInvis .   a - +0 club {mace}
rCold   . . .      Faith    .   (no shield)
rNeg    . . .      Spirit   .   b - +0 leather armour
rPois   .          Reflect  .   (no helmet)
rElec   .          Harm     .   (no cloak)
rCorr   .          Rampage  .   (no gloves)
Will    .....                   (no boots)
Stlth   ++........              (no amulet)
HPRegen 0.05/turn               (no ring)
MPRegen 0.07/turn               (no ring)

@: no status effects
A: fangs 1, strong nose, distributed training
a: no special abilities


You were on level 1 of the Dungeon.
You visited 1 branch of the dungeon, and saw 1 of its levels.

You collected 13 gold pieces.


Innate Abilities, Weirdness & Mutations

You have very sharp teeth.
Your uncanny sense of smell can sniff out nearby items.
Your experience applies equally to all skills.


   Skills:
 + Level 2.4 Fighting
 + Level 0.1 Short Blades
 + Level 0.1 Long Blades
 + Level 0.1 Axes
 + Level 0.1 Maces & Flails
 + Level 0.1 Polearms
 + Level 0.1 Staves
 + Level 0.1 Slings
 + Level 0.1 Bows
 + Level 0.1 Crossbows
 + Level 0.1 Throwing
 + Level 4.4 Armour
 + Level 2.4 Dodging
 + Level 2.2 Stealth
 + Level 0.1 Shields
 + Level 0.1 Unarmed Combat
 + Level 0.1 Spellcasting
 + Level 0.1 Conjurations
 + Level 0.1 Hexes
 + Level 0.1 Summonings
 + Level 0.1 Necromancy
 + Level 0.1 Translocations
 + Level 0.1 Transmutations
 + Level 0.1 Fire Magic
 + Level 0.1 Ice Magic
 + Level 0.1 Air Magic
 + Level 0.1 Earth Magic
 + Level 0.1 Poison Magic
 + Level 0.2 Invocations
 + Level 6.4 Evocations


You couldn't memorise any spells.
You didn't know any spells.
Your spell library was empty.

Inventory:

Hand Weapons
 a - a +0 club (weapon) {mace}
Armour
 b - a +0 leather armour (worn)
Wands
 c - a wand of flame (12) (quivered)
 d - a wand of charming (15)
 e - a wand of iceblast (9)
Scrolls
 f - a scroll of enchant weapon {unknown}

Dungeon Overview and Level Annotations

Branches:
Dungeon (1/15)

Altars:

..... #.<.#....
#.#.#...# #...#....
...#.. ###......
..).. ####... #...#
####### ##...#
#...... #.... #)#####
#...##########)##
...#..@##..........#
.........'..........#
........##..........#
##.#.##.##..........#
.. #$ #>##..........+
. # ####..........#
#..........#
..######+#### ..


There were no monsters in sight!


Message History

You are too injured to fight recklessly!
You are too injured to fight recklessly!
You closely miss the kobold. Your bite misses the kobold.
The goblin shouts!
The kobold barely misses you.
You hit the kobold.
The kobold hits you with a +0 dagger. ๐Ÿ˜• HP[-3]
You take 3 damage, and now have 13/17 hp.
You barely miss the kobold.
The kobold hits you with a +0 dagger. ๐Ÿ˜ฎ HP[-1]
You take 1 damage, and now have 12/17 hp.
You barely miss the kobold. The kobold misses you.
The ball python closely misses you. The ball python barely misses you.
The kobold closely misses you.
The ball python bites you but does no damage.
The ball python grabs you.
The ball python constricts you. ๐Ÿ˜ฎ HP[-1]
You take 1 damage, and now have 11/17 hp.
You escape the ball python's grasp.
You see here a +0 spear {polearm}.
You hit the kobold but do no damage. The kobold hits you but does no damage.
You hit the kobold. You bite the kobold, but do no damage.
The kobold closely misses you.
You closely miss the kobold. The kobold hits you but does no damage.
The kobold closely misses you.
You barely miss the kobold. The kobold hits you but does no damage.
You miss the kobold. The kobold barely misses you.
You closely miss the kobold.
The kobold hits you with a +0 dagger. x2
* * * LOW HITPOINT WARNING * * *
๐Ÿ˜จ HP[-5]
You take 5 damage, and now have 6/17 hp.
MASSIVE DAMAGE!! (PAUSE)
You completely miss the kobold. The kobold hits you with a +0 dagger.
* * * LOW HITPOINT WARNING * * *
๐Ÿ˜จ HP[-1]
You take 1 damage, and now have 5/17 hp.
You hit the kobold.
You kill the kobold!
The ball python barely misses you. The ball python grabs you.
The ball python constricts you.
* * * LOW HITPOINT WARNING * * *
๐Ÿ˜ฑ HP[-1]
You take 1 damage, and now have 4/17 hp.
You barely miss the ball python. The ball python barely misses you.
The ball python constricts you. The ball python bites you.
* * * LOW HITPOINT WARNING * * *
The ball python constricts you. ๐Ÿ˜ฑ HP[-2]
You take 2 damage, and now have 2/17 hp.
You aren't carrying any potions.
Aiming: Throw Flame
Press: ? - help, Shift-Dir - straight line, f - ball python
Aim: a ball python (constricting you, 71% to hit)
The puff of flame misses the ball python.
The puff of flame misses the goblin.
The ball python bites you but does no damage.
The ball python constricts you.
Aiming: Throw Flame
Press: ? - help, Shift-Dir - straight line, f/p - ball python
Aim: a ball python (constricting you, 71% to hit)
The puff of flame hits the ball python.
You kill the ball python!
Aiming: Throw Flame
Press: ? - help, Shift-Dir - straight line, f - goblin
Aim: a goblin, wielding a +0 club (67% to hit)
The puff of flame hits the goblin!
You kill the goblin!
You start resting. ๐Ÿ˜Ž HP[+15]
Your hp is fully restored (17).
There is an open door here.
Items here: )) รทรท.
You now have 13 gold pieces.
You open the door.
A giant cockroach comes into view.
There is an open door here.
A giant cockroach is nearby!
A giant cockroach is nearby!
Found a hunting sling.
Found a stone staircase leading down.
You hit the giant cockroach. The giant cockroach misses you.
You hit the giant cockroach.
You kill the giant cockroach!
No target in view!
No target in view!
No target in view!
No target in view!
No target in view!
No target in view!
No target in view!
No target in view!
No target in view!
No target in view!
No target in view!
No target in view!
No target in view!
No target in view!
You see here a giant cockroach corpse.
Are you sure you want to abandon this character and quit the game? (Confirm with "yes".)

Action                   || total
-------------------------++-------
Melee: Club              ||    15
       Bite              ||     1
Evoke: Wand              ||     3
Armor: Leather armour    ||     5
Dodge: Dodged            ||    11

Levels and vault maps discovered:
D:1:      amcnicky_arrival_double_pillar, layout_basic,
          shapermc_ecumenical_altar_mp_vishouse, serial_shops, shop,
          grunt_decor_one_mirror

Notes
Turn   | Place    | Note
-------+----------+-------------------------------------------
     0 | D:1      | spaghetti the Gnoll Artificer began the quest for the Orb.
     0 | D:1      | Reached XP level 1. HP: 17/17 MP: 1/1
     0 | D:1      | magus.rc [v1.9.6]
    49 | D:1      | HP: 4/17 [constriction (1)]
   353 | D:1      | Quit the game

Vanquished Creatures
  A ball python (D:1)
  A giant cockroach (D:1)
  A goblin (D:1)
  A kobold (D:1)
4 creatures vanquished.

Table legend:
 A = Non-vault XP
 B = Vault XP
 C = Vault XP percentage of total XP
 D = Non-vault monster count
 E = Vault monster count
 F = Vault count percentage of total count
                 A         B        C        D         E       F
            +---------+---------+-------+---------+---------+-------
      Total |       6 |       0 |   0.0 |       4 |       0 |   0.0
            +---------+---------+-------+---------+---------+-------
        D:1 |       6 |       0 |   0.0 |       4 |       0 |   0.0
            +---------+---------+-------+---------+---------+-------

Illustrated notes

Table legend:
 A = Kills in this place as a percentage of kills in entire the game.
 B = Kills by you in this place as a percentage of kills by you in the entire game.
 C = Kills by friends in this place as a percentage of kills by friends in the entire game.
 D = Other kills in this place as a percentage of other kills in the entire game.
 E = Experience gained in this place as a percentage of experience gained in the entire game.
 F = Experience gained in this place divided by the number of levels of this place that you have seen.
                   A       B       C       D       E      F
               +-------+-------+-------+-------+-------+----------------------
         Total | 100.0 | 100.0 |   N/A |   N/A | 100.0 |   6.0
       Dungeon | 100.0 | 100.0 |   N/A |   N/A | 100.0 |   6.0
               +-------+-------+-------+-------+-------+----------------------

Table legend: (Time is in decaauts)
 A = Elapsed time spent in this place.
 B = Non-inter-level travel time spent in this place.
 C = Inter-level travel time spent in this place.
 D = Time resting spent in this place.
 E = Time spent auto-exploring this place.
 F = Levels seen in this place.
 G = Mean time per level.
                   A        B        C        D        E       F      G
               +--------+--------+--------+--------+--------+-----+--------+
         Total |    357 |    357 |      0 |    282 |     45 |   1 |  357.0 |
       Dungeon |    357 |    357 |      0 |    282 |     45 |   1 |  357.0 |
               +--------+--------+--------+--------+--------+-----+--------+

Top non-repeatable levels by time:
     D:1: 357 daAuts
